 Dungeon Crawl Stone Soup version bcrawl-1.21.2-20-g6d45ba5942 (webtiles) character file.

Game seed: 17427720880230793181

595 Freyura the Covert (level 7, 0/38 HPs)
             Began as a Felid Monk on Mar 1, 2020.
             Was a Believer of Dithmenos.
             Slain by an orc warrior
             ... wielding a +0 halberd
              (17 damage)
             ... on level 6 of the Dungeon.
             The game lasted 00:15:20 (5516 turns).

Freyura the Covert (Felid Monk)                     Turns: 5516, Time: 00:15:20

Health: 0/38       AC:  2    Str:  7    XL:     7   Next: 40%
Magic:  0/10       EV: 23    Int: 11    God:    Dithmenos [**....]
Gold:   492        SH:  0    Dex: 21    Spells: 6/6 levels left
                                        Lives:  0   Deaths: 2

rFire    . . .     SeeInvis +     - Unarmed
rCold    . . .     Gourm    .   (shield unavailable)
rNeg     . . .     Faith    .   (armour unavailable)
rPois    .         Spirit   +   (helmet unavailable)
rElec    +         Reflect  .   (cloak restricted)
rCorr    .         Harm     .   (gloves unavailable)
MR       +....                  (boots unavailable)
Stlth    ++++++....             a - amulet of guardian spirit
HPRegen  0.12/turn              t - ring of insulation
MPRegen  0.12/turn              m - ring of flight

@: wreathed by umbra, quick
A: very small, no armour, no weapons or thrown items, stealth, claws 1, fangs 3,
see invisible, carnivore, speed 1, shaggy fur 2, slow metabolism 1, sharp paws
a: Shadow Step, Renounce Religion, Evoke Flight


You were on level 6 of the Dungeon.
You worshipped Dithmenos.
Dithmenos was pleased with you.
You were completely stuffed.

You visited 2 branches of the dungeon, and saw 7 of its levels.

You collected 492 gold pieces.

Inventory:

Jewellery
 a - an amulet of guardian spirit (around neck)
 c - an uncursed ring of fire
 h - an uncursed amulet of the acrobat
 i - an uncursed amulet of regeneration
 m - a ring of flight (right paw)
 t - a ring of insulation (left paw)
Wands
 b - a wand of random effects (2)
 d - a wand of polymorph (10)
 r - a wand of paralysis (4)
Scrolls
 g - 2 scrolls of identify
 j - a scroll of teleportation
 l - 6 scrolls of remove curse
 q - a scroll of immolation
Potions
 f - a potion of haste
 k - a potion of resistance
 n - 3 potions of mutation
 o - 2 potions of curing
 p - a potion of brilliance
Comestibles
 e - 7 rations {!d}


   Skills:
 + Level 4.7 Fighting
 + Level 6.3 Dodging
 * Level 8.2 Stealth
 + Level 5.8 Unarmed Combat
 + Level 3.0 Invocations
 + Level 3.1 Evocations


You had 6 spell levels left.
You didn't know any spells.
Your spell library was empty.

Dungeon Overview and Level Annotations

Branches:
Dungeon (6/12)             Temple (1/1) D:5

Altars:
Ashenzari
Cheibriados
Dithmenos
Elyvilon
Fedhas
Gozag
Hepliaklqana
Kikubaaqudgha
Nemelex Xobeh
Okawaru
Qazlal
Ru
Sif Muna
Trog
Uskayaw
Vehumet
Wu Jian
Xom
Yredelemnul
Zin
The Shining One

Shops:
D:4 (

Annotations:
D:6 Grinder


Innate Abilities, Weirdness & Mutations

You cannot wear almost all types of armour.
You are incapable of wielding weapons or throwing items.
Your paws allow you to move quietly. (Stealth)
You have sharp claws.
You have razor-sharp teeth.
You have supernaturally acute eyesight. (SInv)
You are carnivorous and can eat meat at any time.
You cover ground quickly.
You are covered in thick fur. (AC +2)
You have a slow metabolism.
Your sharp claws are effective at attacking unaware monsters.


Message History

You scratch the adder. You bite the adder, but do no damage.
The adder is severely wounded.
The adder closely misses you.
The orc warrior hits you from afar with a +0 halberd!
An orc comes into view. It is wielding a +0 flail.
You closely miss the adder.
The adder is severely wounded.
The adder completely misses you. The orc warrior misses you.
The adder completely misses you.
You completely miss the adder.
The adder is severely wounded.
The adder misses you.
You feel better. The orc warrior barely misses you.
The adder completely misses you.
You scratch the adder.
You kill the adder!
Dithmenos accepts your kill.
The orc warrior hits you from afar with a +0 halberd!
The orc warrior hits you with a +0 halberd!!
You die...

######.# #.# ########## #
.......######.####........#######
.................................
.############....#.######.#######
>'..............)................
.###############.#.#....#.......#
.# #.#.#.####.....#.# .#
#.#....#.......#.# .#
#@#.#..#.#.....#.# .#
#o######.#######.# .# #oo......
#.# .# ##5...... #.# .# .......
#.. ## !...... . ......o .?.....
....... #.


You could see Grinder, an orc warrior and 2 orcs.

Vanquished Creatures
  Sigmund (D:2)
  A hungry ghost (D:6)
  A water moccasin (D:4)
  A sky beast (D:5)
  3 ogres
  A centaur (D:5)
  A bullfrog (D:6)
  A scorpion (D:6)
  2 howler monkeys (D:4)
  3 crimson imps (D:4)
  2 quasits
  2 orc priests (D:5)
  5 orc wizards
  2 worker ants (D:5)
  Terence (D:2)
  A hound skeleton (D:5)
  A howler monkey skeleton (D:5)
  4 adders
  3 oozes
  2 adder zombies
  4 worms (D:2)
  3 dart slugs
  5 leopard geckos
  12 orcs
  A giant cockroach (D:4)
  A goblin (D:2)
  4 hobgoblins
  8 jackals
  5 kobolds
  2 quokkas (D:3)
  A ball python (D:1)
  8 bats
  2 frilled lizards
  A rat (D:2)
95 creatures vanquished.

Notes
Turn   | Place    | Note
-------+----------+-------------------------------------------
     0 | D:1      | Freyura the Felid Monk began the quest for the Orb.
     0 | D:1      | Reached XP level 1. HP: 12/12 MP: 3/3
   236 | D:1      | Reached XP level 2. HP: 16/16 MP: 4/4
  1053 | D:2      | Reached skill level 4 in Stealth
  1053 | D:2      | Reached XP level 3. HP: 20/20 MP: 5/5
  1053 | D:2      | Noticed Terence
  1088 | D:2      | Killed Terence
  1509 | D:2      | Found a faded altar of an unknown god.
  1687 | D:2      | Reached skill level 5 in Stealth
  1687 | D:2      | Reached XP level 4. HP: 24/24 MP: 6/6
  1687 | D:2      | Reached XP level 5. HP: 28/28 MP: 7/7
  1687 | D:2      | Noticed Sigmund
  1692 | D:2      | Killed Sigmund
  2039 | D:3      | Found a glowing golden altar of the Shining One.
  2901 | D:4      | Reached skill level 5 in Dodging
  2951 | D:4      | Reached skill level 1 in Evocations
  2955 | D:4      | Reached skill level 6 in Stealth
  2955 | D:4      | Gained mutation: You are covered in thick fur. (AC +2)
                  | [Felid growth]
  2955 | D:4      | Reached XP level 6. HP: 33/33 MP: 8/8
  2955 | D:4      | Noticed a water moccasin
  2984 | D:4      | Killed a water moccasin
  3010 | D:4      | Reached skill level 5 in Unarmed Combat
  3032 | D:4      | HP: 1/33 [orc wizard/magic dart (5)]
  3046 | D:4      | Got a twisted whip
  3608 | D:4      | Found Quolayh's Weapon Boutique.
  3880 | D:5      | Entered Level 5 of the Dungeon
  3901 | D:5      | Reached XP level 7. HP: 37/37 MP: 9/9
  3905 | D:5      | Found an iron altar of Okawaru.
  4057 | D:5      | Reached skill level 7 in Stealth
  4069 | D:5      | Killed from afar by an orc wizard
  4070 | D:5      | Reached XP level 6. HP: 0/49 MP: 0/8
  4254 | D:5      | Found a staircase to the Ecumenical Temple.
  4263 | Temple   | Entered the Ecumenical Temple
  4281 | Temple   | Became a worshipper of Dithmenos the Shadowed
  4281 | Temple   | Reached * piety under Dithmenos
  4281 | Temple   | Reached ** piety under Dithmenos
  4599 | D:5      | Killed from afar by an orc priest
  4600 | D:5      | Reached XP level 5. HP: 0/29 MP: 0/7
  4825 | D:5      | Found a faded altar of an unknown god.
  4825 | D:5      | Found a hazy altar of Hepliaklqana.
  4830 | D:5      | Found a white marble altar of Elyvilon.
  4832 | D:5      | Found a glowing silver altar of Zin.
  4834 | D:5      | Found a snail-covered altar of Cheibriados.
  4960 | D:5      | Reached XP level 6. HP: 34/34 MP: 8/8
  5449 | D:6      | Noticed a hungry ghost
  5456 | D:6      | Killed a hungry ghost
  5495 | D:6      | Reached skill level 8 in Stealth
  5495 | D:6      | Reached XP level 7. HP: 38/38 MP: 10/10
  5495 | D:6      | Noticed Grinder
  5516 | D:6      | Slain by an orc warrior

Skill      XL: |  1  2  3  4  5  6  7 |
---------------+----------------------+-----
Stealth        | 4 5 6 8 7 |  8.2
Unarmed Combat | 4 5 |  5.8
Dodging        | 5 6 |  6.3
Evocations     | 1 3 |  3.1
Fighting       | 4 |  4.7
Invocations    | 3 |  3.0

Action                   |  1- 3 |  4- 6 |  7- 9 || total
-------------------------+-------+-------+-------++-------
Melee: Unarmed           |   101 |   267 |    30 ||   398
       Bite              |     6 |    31 |     4 ||    41
       Punch             |     2 |     8 |       ||    10
  Use: Scroll            |       |    14 |       ||    14
       Potion            |       |     4 |     2 ||     6
 Stab: Sleeping          |    11 |    14 |     1 ||    26
       Distracted        |       |     3 |       ||     3
  Eat: Chunk             |     9 |    13 |       ||    22
Armor: Skin              |     5 |    13 |     3 ||    21
Dodge: Dodged            |    66 |   228 |    33 ||   327
